 Dungeon Crawl Stone Soup version 0.27.0-1-g7a089689b8 (webtiles) character file.

Game seed: 16242292021300639963

1143 wakim the Ducker (level 8, -1/64 HPs)
             Began as a Gnoll Gladiator on Aug 12, 2021.
             Slain by Maggie (17 damage)
             ... on level 6 of the Dungeon.
             The game lasted 00:13:07 (6923 turns).

wakim the Ducker (Gnoll Gladiator)                  Turns: 6923, Time: 00:13:07

Health: -1/64      AC:  7    Str: 15    XL:     8   Next: 37%
Magic:  12/12      EV: 17    Int:  8    God:
Gold:   183        SH:  5    Dex: 14    Spells: 13/13 levels left

rFire    + . .     SeeInvis .   b - +2 whip (venom)
rCold    + . .     Faith    .   s - +0 buckler
rNeg     . . .     Spirit   .   q - +0 ring mail
rPois    .         Reflect  .   c - +1 helmet
rElec    .         Harm     .   o - scarf {rC+ rF+}
rCorr    .         Rampage  .   (no gloves)
Will     .....                  (no boots)
Stlth    ++........             (no amulet)
HPRegen  0.20/turn              e - ring of flight
MPRegen  0.13/turn              p - +4 ring of evasion

@: flying, mesmerised
A: fangs 1, strong nose, distributed training
a: no special abilities


You were on level 6 of the Dungeon.
You visited 1 branch of the dungeon, and saw 6 of its levels.

You collected 183 gold pieces.

Inventory:

Hand Weapons
 a - the +6 mace "Wiag" {vorpal, Str+6}
   (You found it on level 4 of the Dungeon)

   It inflicts extra damage upon your enemies.
   Str:       It affects your strength (+6).
 b - a +2 whip of venom (weapon)
 m - a +0 trident
Missiles
 f - 8 javelins
 i - 5 throwing nets (quivered) {=f!f}
Armour
 c - a +1 helmet (worn)
 o - a scarf of resistance (worn)
 q - a +0 ring mail (worn)
 s - a +0 buckler (worn)
Jewellery
 e - a ring of flight (left hand)
 l - a ring of protection from cold
 p - a +4 ring of evasion (right hand)
Wands
 t - a wand of digging (10)
 x - a wand of iceblast (1)
Scrolls
 g - a scroll of enchant armour
 j - a scroll of enchant weapon
 r - a scroll of identify
 U - a scroll of fear
Potions
 A - a potion of ambrosia
 B - 2 potions of attraction {!q}
 D - a potion of brilliance
 E - 2 potions of cancellation
 F - a potion of curing
 G - a potion of flight
 J - a potion of heal wounds
 L - a potion of lignification {!q}
 M - a potion of mutation {!q}
 N - 4 potions of might


   Skills:
 + Level 5.6 Fighting
 + Level 3.2 Short Blades
 + Level 3.2 Long Blades
 + Level 3.2 Axes
 + Level 3.2 Maces & Flails
 + Level 7.3 Polearms
 + Level 3.2 Staves
 + Level 3.2 Slings
 + Level 3.2 Bows
 + Level 3.2 Crossbows
 + Level 5.6 Throwing
 + Level 3.2 Armour
 + Level 7.3 Dodging
 + Level 3.2 Stealth
 + Level 3.2 Shields
 + Level 3.2 Unarmed Combat
 + Level 3.2 Spellcasting
 + Level 2.6 Conjurations
 + Level 2.6 Hexes
 + Level 2.6 Summonings
 + Level 2.6 Necromancy
 + Level 2.6 Translocations
 + Level 2.6 Transmutations
 + Level 2.6 Fire Magic
 + Level 2.6 Ice Magic
 + Level 2.6 Air Magic
 + Level 2.6 Earth Magic
 + Level 2.6 Poison Magic
 + Level 3.5 Invocations
 + Level 3.2 Evocations


You had 13 spell levels left.
You didn't know any spells.
Your spell library was empty.

Dungeon Overview and Level Annotations

Branches:
Dungeon (6/15)
 Temple: D:4-7

Altars:
Ashenzari
Sif Muna
Trog

Shops:
D:5 !=?:   D:6 *(

Annotations:
D:6 Maggie


Innate Abilities, Weirdness & Mutations

You have very sharp teeth.
Your uncanny sense of smell can sniff out nearby items.
Your experience applies equally to all skills.


Message History

The mass of ice explodes!
The iceblast engulfs Maggie!!
Maggie is severely wounded.
Maggie barely misses you.
An adder comes into view.
You closely miss Maggie.
Maggie is severely wounded.
Maggie casts a spell.
Maggie attempts to bespell you!
You are mesmerised by Maggie!
You barely miss Maggie.
Maggie is severely wounded.
Maggie hits you with a +0 broad axe!
* * * LOW HITPOINT WARNING * * *
You hit Maggie.
Maggie is poisoned.
Maggie is severely wounded.
The adder closely misses you.
Maggie gestures wildly while chanting.
Maggie draws you further into her thrall.
You hit Maggie but do no damage.
Maggie looks as sick as possible!
You bite Maggie.
Maggie is severely wounded.
The adder closely misses you. The adder bites you but does no damage.
You block the adder's attack.
You hit the adder.
The adder is heavily wounded.
Maggie hits you with a +0 broad axe.
* * * LOW HITPOINT WARNING * * *
The adder closely misses you. You block the adder's attack.
You closely miss the adder. You bite the adder.
The adder is severely wounded.
Maggie hits you with a +0 broad axe!
* * * LOW HITPOINT WARNING * * *
The adder misses you.
An adder comes into view.
The adder barely misses you.
The adder hisses angrily.
You hit the adder.
You kill the adder!
Maggie hits you with a +0 broad axe!
You die...

.... #[.# ## ##..# ..
.. ...# .# ...# ##.##
.#
.....##...#####.######
#....S............#
#<..)..@@S# ∆
##.....##.#
#..∩....#.#
..........@..
###...........
##?..<.#...^.
##...##...... ##...
......... ....... #


You could see Maggie (mesmerising, extremely poisoned) and 2 adders.

Vanquished Creatures
  A necrophage (D:6)
  A phantom (D:5)
  A gnoll sergeant (D:5)
  A scorpion (D:5)
  A centaur zombie (D:5)
  A bullfrog zombie (D:6)
  3 hounds (D:5)
  2 orc priests
  Jessica (D:2)
  Natasha (thrice) (D:3)
  A bullfrog skeleton (D:5)
  3 iguanas
  Ijyb (D:3)
  6 orc wizards
  A killer bee zombie (D:5)
  A hound skeleton (D:4)
  9 gnolls
  A howler monkey skeleton (D:4)
  4 adders
  An ufetubus (D:5)
  2 worms
  A dart slug (D:1)
  10 orcs
  5 bats
  6 endoplasms
  4 giant cockroaches
  2 goblins
  12 hobgoblins
  5 jackals (D:2)
  2 quokkas
  5 ball pythons
  6 frilled lizards
  3 kobolds
  20 rats
126 creatures vanquished.

Vanquished Creatures (others)
  An orc wizard (D:2)
  A fungus (D:2)
2 creatures vanquished.

Grand Total: 128 creatures vanquished

Notes
Turn   | Place    | Note
-------+----------+-------------------------------------------
     0 | D:1      | wakim the Gnoll Gladiator began the quest for the Orb.
     0 | D:1      | Reached XP level 1. HP: 20/20 MP: 1/1
   199 | D:1      | Reached XP level 2. HP: 26/26 MP: 2/2
   854 | D:1      | Reached XP level 3. HP: 31/31 MP: 3/3
  1178 | D:2      | Reached skill level 1 in Invocations
  1239 | D:2      | Found a faded altar of an unknown god.
  1351 | D:2      | Reached skill level 1 in Short Blades
  1351 | D:2      | Reached skill level 1 in Long Blades
  1351 | D:2      | Reached skill level 1 in Axes
  1351 | D:2      | Reached skill level 1 in Maces & Flails
  1351 | D:2      | Reached skill level 1 in Staves
  1351 | D:2      | Reached skill level 1 in Slings
  1351 | D:2      | Reached skill level 1 in Bows
  1351 | D:2      | Reached skill level 1 in Crossbows
  1351 | D:2      | Reached skill level 1 in Armour
  1351 | D:2      | Reached skill level 1 in Stealth
  1351 | D:2      | Reached skill level 1 in Shields
  1351 | D:2      | Reached skill level 1 in Unarmed Combat
  1351 | D:2      | Reached skill level 1 in Spellcasting
  1351 | D:2      | Reached skill level 1 in Evocations
  1357 | D:2      | Reached XP level 4. HP: 8/38 MP: 5/5
  1697 | D:2      | Noticed Jessica
  1702 | D:2      | Killed Jessica
  1703 | D:2      | Reached skill level 1 in Conjurations
  1703 | D:2      | Reached skill level 1 in Hexes
  1703 | D:2      | Reached skill level 1 in Summonings
  1703 | D:2      | Reached skill level 1 in Necromancy
  1703 | D:2      | Reached skill level 1 in Translocations
  1703 | D:2      | Reached skill level 1 in Transmutations
  1703 | D:2      | Reached skill level 1 in Fire Magic
  1703 | D:2      | Reached skill level 1 in Ice Magic
  1703 | D:2      | Reached skill level 1 in Air Magic
  1703 | D:2      | Reached skill level 1 in Earth Magic
  1703 | D:2      | Reached skill level 1 in Poison Magic
  1763 | D:2      | Reached XP level 5. HP: 38/43 MP: 6/6
  1780 | D:2      | HP: 2/43 [something (2)]
  2430 | D:3      | Found a bloodstained altar of Trog.
  2662 | D:3      | Noticed Natasha
  2670 | D:3      | Reached XP level 6. HP: 48/50 MP: 8/8
  2682 | D:3      | Killed Natasha
  2807 | D:3      | You fall into a shaft and drop 1 floor!
  3024 | D:4      | Reached skill level 5 in Fighting
  3024 | D:4      | Reached skill level 5 in Throwing
  3775 | D:4      | Identified the +6 mace "Wiag" {vorpal, Str+6}
  4035 | D:5      | Entered Level 5 of the Dungeon
  4035 | D:5      | Found Vihirgh's Jewellery Shop.
  4043 | D:5      | Reached XP level 7. HP: 56/56 MP: 10/10
  4077 | D:3      | Noticed Ijyb
  4091 | D:3      | Killed Ijyb
  4294 | D:3      | Found a broken altar of Ashenzari.
  4493 | D:3      | Noticed Natasha
  4503 | D:3      | Killed Natasha
  4550 | D:3      | Noticed Natasha
  4560 | D:3      | Killed Natasha
  5140 | D:5      | Found Moely's Distillery.
  5592 | D:5      | Reached XP level 8. HP: 30/63 MP: 12/12
  6372 | D:5      | Found Xeipeig's Book Shoppe.
  6649 | D:5      | Found a shimmering blue altar of Sif Muna.
  6708 | D:5      | Found Mearil's Magic Scroll Boutique.
  6780 | D:6      | Found Ireski's Antique Weapon Shoppe.
  6802 | D:6      | Noticed Maggie
  6900 | D:6      | Found Pinuliq's General Store.
  6923 | D:6      | Slain by Maggie

Illustrated notes

Levels and vault maps discovered:
D:1:      tarquinn_simple_flora_water_b, layout_basic
D:2:      layout_rooms, dreamdust_ecumenical_altar_grove, uniq_jessica
D:3:      layout_loops_ring, mainiacjoe_overflow_boulevard,
          nicolae_ashenzari_skybound, minmay_rat_hole, uniq_ijyb, uniq_natasha
D:4:      layout_basic, serial_bayou_ford_a
D:5:      layout_layer_cave, nicolae_sif_muna_little_library, serial_shops,
          shop, nicolae_shop_behind_doors, nicolae_shop_waterfront,
          nicolae_stop_n_shop_2
D:6:      layout_loops_ring, fedhas_altar_2, mainiacjoe_overflow_catwalk,
          nicolae_yredelemnul_corpse_copse, minmay_temple_entry_offerings,
          serial_shops, nicolae_shop_statue_plus, shop, nicolae_shop_stone,
          uniq_pikel, uniq_grinder, uniq_menkaure, uniq_maggie

Skill      XL: |  1  2  3  4  5  6  7  8 |
---------------+-------------------------+-----
Invocations    | 1 2 3 |  3.5
Short Blades   | 1 2 3 |  3.2
Long Blades    | 1 2 3 |  3.2
Axes           | 1 2 3 |  3.2
Maces & Flails | 1 2 3 |  3.2
Staves         | 1 2 3 |  3.2
Slings         | 1 2 3 |  3.2
Bows           | 1 2 3 |  3.2
Crossbows      | 1 2 3 |  3.2
Armour         | 1 2 3 |  3.2
Stealth        | 1 2 3 |  3.2
Shields        | 1 2 3 |  3.2
Unarmed Combat | 1 2 3 |  3.2
Spellcasting   | 1 2 3 |  3.2
Evocations     | 1 2 3 |  3.2
Conjurations   | 1 2 |  2.6
Hexes          | 1 2 |  2.6
Summonings     | 1 2 |  2.6
Necromancy     | 1 2 |  2.6
Translocations | 1 2 |  2.6
Transmutations | 1 2 |  2.6
Fire Magic     | 1 2 |  2.6
Ice Magic      | 1 2 |  2.6
Air Magic      | 1 2 |  2.6
Earth Magic    | 1 2 |  2.6
Poison Magic   | 1 2 |  2.6
Fighting       | 5 |  5.6
Throwing       | 5 |  5.6
Polearms       | 7 |  7.3
Dodging        | 7 |  7.3

Action                   |  1- 3 |  4- 6 |  7- 9 || total
-------------------------+-------+-------+-------++-------
Melee: Trident           |    72 |    16 |       ||    88
       Bite              |     6 |    13 |    24 ||    43
       Whip              |       |   176 |   116 ||   292
       Mace              |       |     3 |    44 ||    47
       Punch             |       |     1 |     3 ||     4
Evoke: Wand              |       |       |     3 ||     3
  Use: Potion            |       |     2 |       ||     2
       Scroll            |       |    10 |     7 ||    17
 Stab: Sleeping          |     2 |     3 |       ||     5
Armor: Leather armour    |    10 |    50 |       ||    60
       Ring mail         |       |       |    47 ||    47
Dodge: Dodged            |    33 |   138 |   143 ||   314
Block: Buckler           |       |       |     9 ||     9
